 Dungeon Crawl Stone Soup version 0.29.0-4-gdea44cf6ec (webtiles) character file.

Game seed: 16324798504636694510

1693 qw the Cleaver (level 8, -1/45 (62) HPs)
             Began as a Demonspawn Cinder Acolyte on Sept 9, 2022.
             Was a Believer of Ignis.
             Slain by Edmund
             ... wielding a +1 dire flail of draining
              (5 damage)
             ... on level 6 of the Dungeon.
             The game lasted 00:02:28 (6443 turns).

qw the Cleaver (Demonspawn Cinder Acolyte)          Turns: 6443, Time: 00:02:28

HP:   -1/45 (62)    AC: 18    Str: 16    XL:     8   Next: 72%
MP:   9/9           EV:  7    Int: 16    God:    Ignis [**....]
Gold: 254           SH:  0    Dex:  9    Spells: 9/9 levels left

rFire   + . .      SeeInvis .   Y - -1 hand axe (protect)
rCold   . . .      Faith    .   (no shield)
rNeg    . . .      Spirit   .   g - +0 chain mail
rPois   .          Reflect  .   n - +0 helmet
rElec   .          Harm     .   (no cloak)
rCorr   .          Rampage  .   (no gloves)
Will    .....                   d - +0 pair of boots
Stlth   ..........              m - amulet of the acrobat
HPRegen 0.15/turn               (no ring)
MPRegen 0.22/turn               (no ring)

@: corroded, under a protective aura, fiery-armoured, very heavily drained
A: claws 1, magic regeneration, sharp scales 1, demonic magic 1
a: Renounce Religion, Fiery Armour, Foxfire Swarm, Rising Flame


You were on level 6 of the Dungeon.
You worshipped Ignis.
Ignis was pleased with you.
You visited 1 branch of the dungeon, and saw 6 of its levels.

You collected 254 gold pieces.


Innate Abilities, Weirdness & Mutations

You have sharp fingernails.
You regenerate magic rapidly.
You are partially covered in razor-sharp scales. (AC +1, Slay +1)
Spells you cast may paralyse adjacent enemies.


   Skills:
 + Level 5.1 Fighting
 - Level 9.0 Axes
 - Level 3.4 Armour
 - Level 1.3 Dodging
 - Level 1.0 Spellcasting
 - Level 2.6 Fire Magic


You had 9 spell levels left.
You didn't know any spells.
Your spell library contained the following spells:

 Spells                   Type           Power      Damage    Failure   Level
 Scorch                   Fire           18%        2d6       89%         2

Inventory:

Hand Weapons
 q - a +0 flail
 Y - a -1 hand axe of protection (weapon)
Armour
 d - a +0 pair of boots (worn)
 g - a +0 chain mail (worn)
 n - a +0 helmet (worn)
Jewellery
 f - a ring of fire
 m - an amulet of the acrobat (around neck)
Scrolls
 h - 2 scrolls of identify
 i - a scroll of poison {unknown}
 l - a scroll of enchant weapon {unknown}
 o - a scroll of teleportation
Potions
 a - a potion of flight {unknown}
 b - a potion of mutation {unknown}
 c - a potion of might {unknown}
 e - a potion of heal wounds {unknown}
 j - a potion of haste {unknown}
 k - a potion of attraction {unknown}
 p - 2 potions of invisibility {unknown}

Dungeon Overview and Level Annotations

Branches:
Dungeon (6/15)             Temple (0/1) D:5

Altars:
Makhleb
Xom

Shops:
D:1 :

Annotations:
D:6 Edmund


Message History

Edmund is heavily wounded.
Edmund hits you with a +1 dire flail of draining.
You feel drained.
Edmund is burned by your cloak of flames.
Edmund is severely wounded.
You closely miss Edmund.
Edmund is severely wounded.
Edmund hits you with a +1 dire flail of draining!
You feel drained.
You barely miss Edmund.
Edmund is severely wounded.
Edmund hits you with a +1 dire flail of draining!
You feel drained.
Edmund is burned by your cloak of flames.
Edmund is severely wounded.
You hit Edmund but do no damage.
Edmund is severely wounded.
You hit Edmund.
Edmund is severely wounded.
Edmund drinks a potion.
Edmund is healed!
You completely miss Edmund.
Edmund is severely wounded.
Edmund clears his throat.
Edmund hits you but does no damage.
You feel drained.
You barely miss Edmund.
Edmund is severely wounded.
Edmund hits you but does no damage.
You feel drained.
Edmund is burned by your cloak of flames.
Edmund is severely wounded.
You barely miss Edmund.
Edmund is severely wounded.
Edmund hits you with a +1 dire flail of draining.
You feel drained.
Edmund is burned by your cloak of flames.
Edmund is severely wounded.
You hit Edmund but do no damage.
Edmund is severely wounded.
Edmund hits you with a +1 dire flail of draining!
You feel drained.
You die...

#.........# #.# #.....#.#
#.#)#####.# #.# #...#.#.# #.#
#.# ##'## #.###.#.# ... #.#
##...## #.###.#.#
.###.###.###.....## #.......#
.........##.......## ###.#.###
.........#.........####....####
.#.......'....@....'...........
##...##.#....@....####....####
##.# #.##.......## ##..## ...
#.###.....## ##.# .## #.#
##...## #.# #.# ##'## #.# ..#
#.# #.# ### #.# #.# ... #.# #.#


You could see Edmund.

Vanquished Creatures
  A steam dragon (D:6)
  A water moccasin (D:6)
  An orc warrior (D:5)
  An ice beast (D:6)
  2 centaurs (D:6)
  A phantom (D:6)
  4 scorpions
  2 necrophages
  A howler monkey (D:6)
  A crimson imp (D:5)
  3 hounds
  3 jellies
  An orc priest (D:6)
  2 gnoll boudas
  3 iguanas
  3 orc wizards
  10 gnolls
  7 adders
  A shadow imp (D:5)
  2 white imps
  A worm (D:4)
  3 dart slugs
  9 orcs
  7 endoplasms
  A giant cockroach (D:4)
  3 hobgoblins
  4 jackals (D:3)
  4 quokkas
  3 ball pythons
  5 bats
  A frilled lizard (D:1)
  7 goblins
  11 kobolds
  2 rats (D:3)
111 creatures vanquished.

Vanquished Creatures (others)
  3 gnolls (D:6)
  29 plants (D:3)
32 creatures vanquished.

Grand Total: 143 creatures vanquished

Notes
Turn   | Place    | Note
-------+----------+-------------------------------------------
     0 | D:1      | qw the Demonspawn Cinder Acolyte began the quest for the
                  | Orb.
     0 | D:1      | Reached XP level 1. HP: 18/18 MP: 2/2
     0 | D:1      | 0 ||| qw: Version: 0.1-a-113-g051387a
     0 | D:1      | 0 ||| qw: Game counter: 7293
     0 | D:1      | 0 ||| qw: Always use a shield: true
     0 | D:1      | 0 ||| qw: God list: Okawaru
     0 | D:1      | 0 ||| qw: Allow faded altars: false
     0 | D:1      | 0 ||| qw: Do Orc after D:15 true
     0 | D:1      | 0 ||| qw: Do second Lair branch before Depths: true
     0 | D:1      | 0 ||| qw: Lair rune preference: random
     0 | D:1      | 0 ||| qw: Plans: Normal
     0 | D:1      | 0 ||| PLANNING D:1-11
   149 | D:1      | Found Diwedak's Book Boutique.
   429 | D:1      | Reached skill level 3 in Axes
   584 | D:1      | 584 ||| UPGRADING to +0 pair of boots.
   589 | D:1      | 589 ||| UPGRADING to +0 ring mail.
   599 | D:1      | 599 ||| DROPPING +0 robe.
   600 | D:1      | 600 ||| UPGRADING to +0 scale mail.
   610 | D:1      | 610 ||| DROPPING +0 ring mail.
   611 | D:1      | 611 ||| UPGRADING to +0 helmet.
   616 | D:1      | 616 ||| UPGRADING to amulet of the acrobat.
   621 | D:1      | 621 ||| READING scroll labelled HINON NYSMYNOTT.
   622 | D:1      | 622 ||| READING scroll labelled KACVEC FINE.
   623 | D:1      | 623 ||| READING scroll labelled ROAFYSHEAK.
   624 | D:1      | 624 ||| DRINKING 3 emerald potions.
   709 | D:2      | Reached skill level 1 in Armour
   709 | D:2      | Gained mutation: You regenerate magic rapidly. [demonic
                  | ancestry]
   709 | D:2      | Reached XP level 2. HP: 22/24 MP: 3/3
   905 | D:2      | 905 ||| Stepping ~*~*~tactically~*~*~ (stealth).
   907 | D:2      | 907 ||| Stepping ~*~*~tactically~*~*~ (stealth).
   912 | D:2      | Gained mutation: Spells you cast may paralyse adjacent
                  | enemies. [demonic ancestry]
   912 | D:2      | Reached XP level 3. HP: 28/29 MP: 4/4
  1209 | D:2      | 1209 ||| READING 2 scrolls labelled VIORCHO OREI.
  1210 | D:2      | 1210 ||| READING scroll labelled YGRINA OKYI.
  1213 | D:2      | 1213 ||| DROPPING scroll of vulnerability.
  1285 | D:3      | Reached skill level 4 in Axes
  1488 | D:3      | Gained mutation: You have sharp fingernails. [demonic
                  | ancestry]
  1488 | D:3      | Reached XP level 4. HP: 33/35 MP: 5/5
  1550 | D:3      | 1550 ||| Stepping ~*~*~tactically~*~*~ (stealth).
  1767 | D:3      | 1767 ||| INVOKING Fiery Armour.
  1959 | D:3      | 1959 ||| Stepping ~*~*~tactically~*~*~ (hiding).
  2084 | D:3      | Reached skill level 5 in Axes
  2084 | D:3      | Gained mutation: You are partially covered in razor-sharp
                  | scales. (AC +1, Slay +1) [demonic ancestry]
  2084 | D:3      | Reached XP level 5. HP: 33/41 MP: 6/6
  2207 | D:3      | 2207 ||| READING scroll labelled YDANIRIRUDD.
  2228 | D:3      | 2228 ||| DROPPING +0 club.
  2229 | D:3      | 2229 ||| READING scroll labelled VOFISCH BIOSI.
  2324 | D:4      | 2324 ||| INVOKING Fiery Armour.
  2327 | D:4      | Reached skill level 1 in Dodging
  2521 | D:4      | 2521 ||| DROPPING +4 whip.
  2729 | D:4      | 2729 ||| Stepping ~*~*~tactically~*~*~ (stealth).
  2800 | D:4      | 2800 ||| Stepping ~*~*~tactically~*~*~ (stealth).
  2803 | D:4      | 2803 ||| Stepping ~*~*~tactically~*~*~ (stealth).
  2804 | D:4      | 2804 ||| Stepping ~*~*~tactically~*~*~ (stealth).
  3132 | D:4      | 3132 ||| Stepping ~*~*~tactically~*~*~ (hiding).
  3135 | D:4      | 3135 ||| Stepping ~*~*~tactically~*~*~ (hiding).
  3305 | D:4      | 3305 ||| Stepping ~*~*~tactically~*~*~ (hiding).
  3316 | D:4      | 3316 ||| Stepping ~*~*~tactically~*~*~ (hiding).
  3317 | D:4      | 3317 ||| Stepping ~*~*~tactically~*~*~ (hiding).
  3325 | D:4      | 3325 ||| DRINKING 3 potions of curing.
  3325 | D:4      | 3325 ||| (to cure confusion)
  3336 | D:4      | Reached XP level 6. HP: 47/47 MP: 7/7
  3564 | D:4      | 3564 ||| UPGRADING to +0 chain mail.
  3574 | D:4      | 3574 ||| DROPPING +0 scale mail.
  3575 | D:4      | 3575 ||| READING scroll labelled VACLIGU SOIGER.
  3606 | D:5      | Entered Level 5 of the Dungeon
  3623 | D:5      | Noticed an angel
  3626 | D:5      | Found a shimmering altar of Xom.
  3873 | D:5      | Found a burning altar of Makhleb.
  3895 | D:5      | Reached skill level 6 in Axes
  3898 | D:5      | 3898 ||| Stepping ~*~*~tactically~*~*~ (hiding).
  3908 | D:5      | 3908 ||| INVOKING Fiery Armour.
  3910 | D:5      | 3910 ||| FLEEEEING.
  3911 | D:5      | 3911 ||| FLEEEEING.
  3912 | D:5      | 3912 ||| FLEEEEING.
  3914 | D:5      | 3914 ||| FLEEEEING.
  3915 | D:5      | 3915 ||| FLEEEEING.
  3916 | D:5      | 3916 ||| FLEEEEING.
  3917 | D:5      | 3917 ||| FLEEEEING.
  3918 | D:5      | 3918 ||| FLEEEEING.
  3921 | D:5      | 3921 ||| FLEEEEING.
  3922 | D:5      | 3922 ||| FLEEEEING.
  3923 | D:5      | 3923 ||| FLEEEEING.
  3925 | D:5      | 3925 ||| FLEEEEING.
  3926 | D:5      | 3926 ||| FLEEEEING.
  3930 | D:5      | 3930 ||| STAIRDANCE
  4127 | D:5      | 4127 ||| Stepping ~*~*~tactically~*~*~ (stealth).
  4203 | D:5      | 4203 ||| Stepping ~*~*~tactically~*~*~ (stealth).
  4212 | D:5      | 4212 ||| Stepping ~*~*~tactically~*~*~ (hiding).
  4216 | D:5      | 4216 ||| INVOKING Fiery Armour.
  4227 | D:5      | Reached XP level 7. HP: 34/54 MP: 8/8
  4508 | D:5      | 4508 ||| INVOKING Fiery Armour.
  4767 | D:5      | 4767 ||| Stepping ~*~*~tactically~*~*~ (stealth).
  4769 | D:5      | Reached skill level 7 in Axes
  5100 | D:5      | Found a staircase to the Ecumenical Temple.
  5192 | D:6      | Reached skill level 8 in Axes
  5192 | D:6      | Reached XP level 8. HP: 57/60 MP: 9/9
  5406 | D:6      | Reached skill level 3 in Armour
  5459 | D:6      | Noticed Edmund
  5480 | D:6      | 5480 ||| INVOKING Fiery Armour.
  5480 | D:6      | HP: 9/41 [Edmund/+1 dire flail of draining (3)]
  5481 | D:6      | 5481 ||| READING 2 scrolls of teleportation.
  5785 | D:6      | 5785 ||| DRINKING 2 potions of curing.
  5785 | D:6      | 5785 ||| (to cure confusion)
  5804 | D:6      | 5804 ||| DRINKING potion of curing.
  5804 | D:6      | 5804 ||| (to cure confusion)
  5865 | D:6      | 5865 ||| Stepping ~*~*~tactically~*~*~ (hiding).
  5870 | D:6      | 5870 ||| INVOKING Fiery Armour.
  6033 | D:6      | 6033 ||| Stepping ~*~*~tactically~*~*~ (stealth).
  6421 | D:6      | 6421 ||| INVOKING Fiery Armour.
  6428 | D:6      | Reached skill level 9 in Axes
  6443 | D:6      | HP: 4/47 [Edmund/+1 dire flail of draining (11)]
  6443 | D:6      | Slain by Edmund

Levels and vault maps discovered:
D:1:      roderic_chinese_lattice_arrival, layout_rooms, serial_shops, shop,
          serial_bayou_lagoon_b
D:2:      layout_basic
D:3:      layout_loops_ring, kennysheep_boxes
D:4:      layout_loops_corners
D:5:      layout_rooms, grunt_temple_overflow_order_and_chaos_1,
          makhleb_grotto_becter, minmay_temple_entry_enclosed_plants,
          minmay_manual_macuahuitl
D:6:      layout_loops_corners, st_stairs_1, uniq_edmund

Skill      XL: |  1  2  3  4  5  6  7  8 |
---------------+-------------------------+-----
Axes           | 3 4 5 6 8 9 |  9.0
Armour         | 1 2 3 |  3.4
Dodging        | 1 |  1.3
Fighting       | 4 5 |  5.1
Spellcasting   | |  1.0
Fire Magic     | |  2.6

Action                   |  1- 3 |  4- 6 |  7- 9 || total
-------------------------+-------+-------+-------++-------
Melee: Hand axe          |   102 |   222 |   307 ||   631
       Punch             |       |     1 |     8 ||     9
Throw: Boomerang         |       |    13 |       ||    13
Invok: Fiery Armour      |       |     4 |     4 ||     8
  Use: Scroll            |     5 |     3 |     1 ||     9
       Potion            |     1 |     1 |     2 ||     4
Armor: Scale mail        |    37 |    77 |       ||   114
       Robe              |     7 |       |       ||     7
       Chain mail        |       |    33 |   197 ||   230
Dodge: Dodged            |    62 |   105 |    98 ||   265

Table legend:
 A = Non-vault XP
 B = Vault XP
 C = Vault XP percentage of total XP
 D = Non-vault monster count
 E = Vault monster count
 F = Vault count percentage of total count
                 A         B        C        D         E       F
            +---------+---------+-------+---------+---------+-------
      Total |    1811 |     608 |  25.1 |     102 |      11 |   9.7
            +---------+---------+-------+---------+---------+-------
        D:1 |       7 |       0 |   0.0 |       7 |       0 |   0.0
        D:2 |      56 |       0 |   0.0 |      13 |       0 |   0.0
        D:3 |     163 |       0 |   0.0 |      26 |       0 |   0.0
        D:4 |     185 |       0 |   0.0 |      26 |       0 |   0.0
        D:5 |     441 |     416 |  48.5 |      14 |       8 |  36.4
        D:6 |     959 |     192 |  16.7 |      16 |       3 |  15.8
            +---------+---------+-------+---------+---------+-------
